Map: Абиогенез РВ

Players

rasik - Winner!

  • Race: Terran Terran
  • League: Platinum
  • Spawn Location: 5:00

ИИ 1 (знаток)

  • Race: Protoss Protoss
  • Spawn Location: 11:00

VOD

Have the link to the VOD?

Description

Time

  • Played on: April 27, 2018, 7:56 p.m.
  • Length: 13:13
Show
View Real Time Build Order
Export as new Build Order

rasik Terran - Winner!

Build Orders: Reaper Expand 

Get SALT Encoding   

  12  0:01  SCV  
  13  0:13  SCV  
  14  0:17  Supply Depot  
  14  0:25  SCV  
  15  0:29  Refinery  
  15  0:39  SCV  
  16  0:45  Barracks  
  16  0:51  SCV  
  17  0:58  Refinery  
  17  1:03  SCV  
  18  1:15  SCV  
  19  1:34  Reaper, Orbital Command  
  19  1:37  Factory  
  20  2:12  Command Center  
  20  2:19  Barracks Reactor  
  20  2:22  Hellion  
  22  2:30  Supply Depot  
  22  2:33  SCV  
  22  2:45  SCV  
  23  2:57  SCV  
  24  3:07  Starport  
  24  3:08  Barracks Reactor  
  24  3:11  SCV  
  25  3:14  Hellion  
  25  3:15  Hellion  
  25  3:19  Supply Depot  
  29  3:23  SCV  
  30  3:29  Orbital Command  
  30  3:36  Hellion  
  33  3:41  SCV  
  33  3:46  Medivac  
  35  3:53  SCV  
  35  3:54  SCV  
  37  3:57  Marine  
  37  4:01  Hellion  
  40  4:05  Hellion, SCV  
  43  4:16  Armory  
  43  4:20  SCV  
  43  4:22  Medivac  
  43  4:23  Marine x2  
  48  4:26  Hellion  
  48  4:29  SCV  
  51  4:32  SCV  
  51  4:38  Supply Depot  
  52  4:41  Supply Depot, SCV  
  52  4:42  Marine  
  54  4:55  Supply Depot  
  54  4:59  Marine, SCV, Refinery  
  56  5:03  Hellion  
  56  5:04  Hellion  
  60  5:07  Medivac  
  60  5:09  SCV  
  63  5:16  Supply Depot  
  63  5:22  Marine  
  63  5:24  Supply Depot  
  63  5:25  Hellion  
  66  5:29  Supply Depot  
  66  5:38  Supply Depot  
  66  5:43  SCV x2  
  66  5:45  Marine  
  66  5:46  Hellion x2  
  73  5:51  Supply Depot  
  73  5:55  SCV  
  74  5:59  Barracks  
  74  6:01  Marine  
  74  6:02  Marine  
  77  6:25  SCV x2  
  77  6:26  Marine x2  
  77  6:28  Hellion x2  
  84  6:35  Factory  
  84  6:37  Supply Depot, SCV  
  84  6:38  SCV  
  86  6:42  Refinery  
  86  6:47  Marine x2  
  86  6:49  Barracks Tech Lab  
  86  6:51  SCV  
  86  6:53  Terran Vehicle Weapons Level 1  
  89  7:03  Factory  
  89  7:04  Marine  
  89  7:08  SCV x2  
  92  7:09  Medivac  
  92  7:15  Marine  
  95  7:20  SCV  
  96  7:24  Barracks  
  96  7:27  SCV  
  96  7:28  Command Center  
  97  7:39  Hellion x14  
  97  7:41  Medivac  
  97  7:42  SCV x2  
  101  7:50  Factory Tech Lab, Supply Depot  
  101  7:54  SCV  
  102  8:13  Marine x3, Supply Depot  
  102  8:15  Medivac  
  102  8:16  Hellion x2  
  102  8:17  Hellion x2  
  115  8:21  Infernal Pre-Igniter  
  115  8:26  Smart Servos  
  115  8:28  SCV  
  115  8:30  Marine  
  117  8:38  Hellion x2  
  121  8:43  Marine x2  
  121  8:45  SCV x2  
  125  8:48  Marine  
  118  8:57  SCV x2  
  118  9:01  Marine x2, Hellion x3  
  118  9:02  Medivac, Hellion  
  130  9:06  Marine  
  130  9:07  Supply Depot  
  130  9:09  SCV  
  134  9:17  Terran Vehicle And Ship Armor Level 1  
  134  9:19  Marine  
  134  9:21  Armory  
  134  9:23  Hellion x3  
  141  9:29  Engineering Bay  
  141  9:30  Supply Depot  
  141  9:32  Medivac, Engineering Bay  
  141  9:36  Marine  
  141  9:37  Marine  
  145  9:39  SCV x2  
  147  9:51  SCV x2  
  120  10:02  Medivac  
  108  10:09  Marine x3  
  108  10:11  Hellion x4  
  115  10:18  Barracks  
  115  10:21  Terran Infantry Weapons Level 1, Terran Infantry Armor Level 1  
  115  10:23  Terran Vehicle Weapons Level 2  
  115  10:27  Marine  
  114  10:32  Hellion  
  116  10:53  Supply Depot  
  116  10:58  Marine x3  
  116  10:59  Marine  
  116  11:00  SCV x2  
  120  11:12  SCV  
  120  11:16  Marine x2, Supply Depot  
  123  11:24  Hellion  
  123  11:25  Hellion x3  
  131  11:26  Marine  
  134  11:33  Barracks Tech Lab  
  134  11:34  Marine x2, Barracks Tech Lab  
  134  11:37  Medivac  
  136  11:46  Hellion x2  
  139  11:53  Marine x5  
  144  11:55  Hellion x2  
  145  12:07  Hellion x2  
  142  12:10  Marine  
  138  12:16  Orbital Command  
  138  12:22  SCV  
  139  12:25  Marine x2, Refinery  
  139  12:26  Marine x2, Refinery  
  139  12:27  Command Center, Hellion x2  
  139  12:28  Marine, Command Center, Hellion  
Show
View Real Time Build Order
Export as new Build Order

ИИ 1 (знаток) Protoss 

Build Orders: 1 Gate Expand 

Get SALT Encoding   

  12  0:00  Probe  
  13  0:13  Probe  
  14  0:19  Pylon  
  14  0:25  Probe  
  15  0:33  Probe  
  15  0:39  Gateway  
  15  0:41  Probe  
  17  1:08  Probe  
  17  1:11  Nexus  
  18  1:26  Zealot  
  18  1:27  Pylon  
  20  1:32  Assimilator  
  20  1:41  Cybernetics Core  
  20  1:43  Probe  
  21  1:54  Probe  
  22  2:02  Probe  
  22  2:08  Gateway  
  23  2:10  Stalker  
  23  2:11  Probe  
  24  2:15  Assimilator  
  26  2:23  Probe  
  27  2:36  Probe  
  28  2:37  Adept  
  30  2:48  Assimilator  
  30  2:54  Pylon  
  30  2:55  Zealot  
  32  2:59  Stalker  
  32  3:03  Probe  
  32  3:05  Probe  
  36  3:12  Warp Gate  
  36  3:15  Probe  
  36  3:17  Probe  
  38  3:27  Probe  
  38  3:29  Probe  
  40  3:35  Gateway, Stalker  
  42  3:52  Stalker  
  44  3:57  Sentry  
  44  4:09  Probe  
  47  4:10  Pylon  
  47  4:12  Probe  
  48  4:19  Robotics Facility  
  48  4:21  Probe  
  49  4:25  Probe  
  50  4:33  Probe  
  50  4:34  Probe  
  52  4:40  Pylon  
  52  4:46  Probe  
  52  4:47  Forge  
  53  4:54  Probe  
  53  4:58  Probe  
  55  5:06  Probe x2, Zealot  
  59  5:14  Pylon  
  59  5:15  Probe  
  59  5:18  Probe  
  59  5:19  Zealot  
  59  5:20  Protoss Ground Armor Level 1  
  63  5:24  Probe  
  64  5:32  Probe x2, Zealot  
  67  5:36  Pylon  
  67  5:40  Immortal  
  67  5:42  Probe  
  68  5:44  Probe  
  74  5:54  Probe  
  75  5:58  Stalker  
  75  5:59  Probe  
  75  6:01  Pylon  
  78  6:10  Stalker  
  80  6:12  Twilight Council  
  80  6:16  Probe x2  
  69  6:23  Stalker  
  71  6:26  Probe  
  71  6:28  Probe  
  73  6:36  Stalker  
  73  6:37  Probe  
  75  6:40  Probe  
  75  6:41  Blink  
  75  6:44  Pylon  
  75  6:47  Probe  
  77  6:49  Sentry  
  77  6:52  Probe  
  77  6:53  Observer  
  82  6:57  Protoss Ground Weapons Level 1  
  82  6:59  Probe  
  83  7:01  Photon Cannon  
  83  7:02  Adept  
  83  7:04  Probe  
  83  7:07  Probe  
  86  7:08  Pylon  
  86  7:14  Observer  
  86  7:15  Photon Cannon  
  88  7:16  Pylon  
  88  7:19  Pylon  
  88  7:26  Stargate  
  88  7:30  Forge  
  88  7:35  Immortal  
  92  7:38  Photon Cannon  
  92  7:41  Photon Cannon  
  92  7:59  Assimilator  
  92  8:14  Immortal  
  96  8:21  Probe x2  
  98  9:06  Void Ray  
  98  9:20  Warp Prism  
  98  9:22  Gateway  
  104  9:26  Robotics Facility  
  104  9:29  Stargate, Nexus  
  104  9:33  Protoss Ground Weapons Level 2, Pylon  
  104  9:36  Robotics Bay  
  104  9:43  Void Ray  
  104  9:56  Pylon, Warp Prism  
  100  10:01  Fleet Beacon  
  100  10:03  Zealot  
  80  10:12  Observer  
  80  10:13  Void Ray  
  80  10:14  Gateway  
  71  10:23  Stalker  
  73  10:31  Warp Prism  
  73  10:33  Zealot  
  73  10:34  Stargate  
  65  10:43  Stalker  
  65  10:48  Assimilator  
  65  10:53  Stalker  
  65  10:54  Assimilator  
  65  11:02  Zealot x2  
  65  11:03  Immortal  
  60  11:06  Zealot  
  60  11:08  Zealot  
  51  11:13  Immortal  
  51  11:16  Zealot  
  51  11:18  Probe  
  47  11:21  Zealot  
  47  11:22  Zealot  
  46  11:27  Zealot  
  48  11:37  Stalker  
  48  11:39  Nexus  
  46  11:47  Stalker  
  43  11:57  Sentry  
  43  12:00  Void Ray  
  23  12:24  Stalker  
  25  12:56  Probe  
Tags
 
Add a new tag
Caveats
  • Supply blocks, unpowered buildings, or Contaminate may cause inaccurate times.
  • Supply counts are checked every 10 seconds.